 Dungeon Crawl Stone Soup version 0.22.0-60-ga52c2fc (webtiles) character file.

372583 Stepladder the Tortoise (level 22, -6/118 HPs)
             Began as a Gargoyle Fighter on Sept 8, 2018.
             Was the Champion of Okawaru.
             Killed by divine providence
             ... invoked by a smoke demon
              (12 damage)
             ... on level 4 of the Abyss on Sept 10, 2018.
             The game lasted 06:20:14 (52087 turns).

Stepladder the Tortoise (Gargoyle Fighter)         Turns: 52087, Time: 06:20:16

Health: -6/118     AC: 35    Str: 18    XL:     22   Next: 70%
Magic:  29/32      EV: 16    Int: 12    God:    Okawaru [******]
Gold:   2490       SH: 15    Dex:  9    Spells: 15/34 levels left

rFire    + . .     SeeInvis +   w - +9 demon whip (protect)
rCold    + . .     Gourm    .   G - +2 shield of the Journeyman {rElec rN+++ Regen+ Str-2}
rNeg     + + +     Faith    .   V - +1 scale mail {rC+}
rPois    ∞         Spirit   .   j - +2 helmet {SInv}
rElec    +         Reflect  .   a - scarf {repulsion}
rCorr    .         Harm     .   M - +0 pair of gloves {Dex+3}
MR       ++...     Rnd*Rage +   H - +2 pair of boots {run} Stlth +.........Rnd*Tele +
                                L - amulet of regeneration
HPRegen  0.00/turn              X - ring of protection from magic
MPRegen  0.23/turn              v - ring of protection from fire

@: berserk cooldown, flying, slowed, repel missiles, very slow
A: big wings, [berserk 3], [blurry vision 2], [clumsy 2], [deformed body],
[deterioration 1], [dopey 1], [frail 2], negative energy resistance 1,
[screaming 3], electricity resistance, [inhibited regeneration], [teleportitis
2], [weak 2], unbreathing, petrification resistance, [no potion heal 1], rot
immunity, [subdued magic 3], AC +16
}: 2/15 runes: serpentine, barnacled
a: Stop Flying, Heroism, Finesse, Renounce Religion


You were on level 4 of the Abyss.
You worshipped Okawaru.
Okawaru was exalted by your worship.
You were hungry.

You visited 8 branches of the dungeon, and saw 38 of its levels.
You visited the Abyss 2 times.
You also visited: Trove and Ossuary.

You collected 4300 gold pieces.
You spent 1810 gold pieces at shops.

Inventory:

Hand Weapons
 r - a +3 broad axe of venom
 w - a +9 demon whip of protection (weapon)
 y - a +0 eveningstar
 R - the +5 broad axe "Uzoag" {chop, +Rage Str+4 Stlth+}
   (You found it on level 1 of the Depths)

   It inflicts extra damage upon your enemies.
   It affects your strength (+4).
   It lets you go berserk.
   It makes you more stealthy.
 U - a +3 vampiric morningstar
Missiles
 k - 3 throwing nets
 n - 5 javelins of penetration
 Y - 29 silver javelins (quivered)
Armour
 a - a scarf of repulsion (worn)
 j - a +2 helmet of see invisible (worn)
 q - +0 fire dragon scales
 G - the +2 shield of the Journeyman (worn) {rElec rN+++ Regen+ Str-2}
   (Okawaru gifted it to you on level 11 of the Dungeon)

   It affects your strength (-2).
   It insulates you from electricity.
   It renders you almost immune to negative energy.
   It increases your rate of regeneration.
 H - a +2 pair of boots of running (worn)
 M - a +0 pair of gloves of dexterity (worn)
 T - a +2 cloak
 V - a +1 scale mail of cold resistance (worn)
Jewellery
 i - the amulet "Imism" {Acrobat +Inv rPois rF- Stlth+}
   (You acquired it on level 1 of the Depths)

   [amulet of the acrobat]

   It helps you evade while moving and waiting.
   It makes you vulnerable to fire.
   It protects you from poison.
   It lets you turn invisible.
   It makes you more stealthy.
 l - a +3 ring of dexterity
 v - a ring of protection from fire (right hand)
 x - a +4 ring of intelligence
 L - an amulet of regeneration (around neck)
 W - the ring "Suqau" {*Slow rC+ rN+ MR+ Str+4, unknown}
   (You found it on level 2 of the Depths)

   [ring of protection from magic]

   It affects your strength (+4).
   It protects you from cold.
   It protects you from negative energy.
   It affects your resistance to hostile enchantments.
   It may slow you when you take damage.
 X - a ring of protection from magic (left hand)
Wands
 c - a wand of disintegration (41)
 o - a wand of acid (31)
 A - a wand of enslavement (44)
 C - a wand of paralysis (23)
 N - a wand of scattershot (18)
 S - a wand of random effects (31)
 Z - a wand of iceblast (31)
Scrolls
 b - 2 scrolls of holy word
 g - 2 scrolls of enchant armour
 h - 5 scrolls of remove curse
 m - 2 scrolls of fear
 z - 3 scrolls of teleportation
 K - 3 scrolls of blinking
 Q - a scroll of fog
Potions
 d - 4 potions of might
 e - a potion of brilliance
 t - 4 potions of lignification
 u - 10 potions of agility
 F - 2 potions of curing
 J - a potion of haste
 O - a potion of berserk rage
Miscellaneous
 p - a fan of gales
 s - a lamp of fire
 B - a box of beasts
 E - a phantom mirror
 P - a crystal ball of energy
Comestibles
 f - 55 rations


   Skills:
 + Level 18.6 Fighting
 - Level 2.7(8.4) Axes
 - Level 13.0(13.1) Maces & Flails
 + Level 18.6 Armour
 + Level 15.2 Dodging
 - Level 4.0 Stealth
 - Level 15.0 Shields
 + Level 6.9 Spellcasting
 - Level 12.0 Summonings
 - Level 6.5 Translocations
 - Level 8.0 Invocations
 - Level 2.1 Evocations


You had 15 spell levels left.
You knew the following spells:

 Your Spells              Type           Power        Failure   Level  Hunger
a - Blink                 Tloc           N/A          1%          2    #......
b - Call Imp              Summ           ###.....     1%          2    #......
c - Apportation           Tloc           ##....       1%          1    None
d - Summon Butterflies    Summ           ###.....     1%          1    None
e - Lesser Beckoning      Tloc           ##........   3%          3    ###....
g - Summon Demon          Summ           ###.......   3%          5    ######.
h - Aura of Abjuration    Summ           ###.......   3%          5    ######.

Your spell library contained the following spells:

 Spells                   Type           Power        Failure   Level  Hunger
 Recall                   Summ/Tloc      N/A          1%          3    ###....
 Summon Forest            Summ/Tloc      ##........   12%         5    ######.
 Summon Ice Beast         Ice/Summ       #.......     17%         4    ####...
 Beastly Appendage        Tmut           #.....       22%         1    None
 Flame Tongue             Conj/Fire      #....        22%         1    None
 Freeze                   Ice            #...         22%         1    None
 Infusion                 Chrm           #...         22%         1    None
 Magic Dart               Conj           #...         22%         1    None
 Sandblast                Erth           #.....       22%         1    None
 Shadow Creatures         Summ           N/A          24%         6    #######
 Ensorcelled Hibernation  Hex/Ice        #.....       32%         2    #......
 Searing Ray              Conj           #.....       32%         2    #......
 Slow                     Hex            #.......     32%         2    #......
 Sticks to Snakes         Tmut           #.......     32%         2    #......
 Swiftness                Chrm/Air       #.......     32%         2    #......
 Throw Flame              Conj/Fire      #.....       32%         2    #......
 Throw Frost              Conj/Ice       #.....       32%         2    #......
 Summon Mana Viper        Hex/Summ       #.......     47%         5    ######.
 Force Lance              Conj/Tloc      #.......     52%         4    ####...
 Conjure Flame            Conj/Fire      #.......     58%         3    ###....
 Dazzling Spray           Conj/Hex       #.....       58%         3    ###....
 Ignite Poison            Fire/Tmut/Pois #.......     58%         3    ###....
 Inner Flame              Hex/Fire       #.......     58%         3    ###....
 Mephitic Cloud           Conj/Pois/Air  #.......     58%         3    ###....
 Ozocubu's Armour         Chrm/Ice       #.......     58%         3    ###....
 Spider Form              Tmut/Pois      #.........   58%         3    ###....
 Tukima's Dance           Hex            #.......     58%         3    ###....
 Fulminant Prism          Conj/Hex       #.........   95%         4    ####...
 Ice Form                 Ice/Tmut       #.......     95%         4    ####...
 Iskenderun's Mystic Bla  Conj           #.......     95%         4    ####...
 Sticky Flame             Conj/Fire      #.......     95%         4    ####...
 Throw Icicle             Conj/Ice       #.......     95%         4    ####...
 Alistair's Intoxication  Tmut/Pois      #.......     100%        5    ######.
 Blade Hands              Tmut           #.........   100%        5    ######.
 Borgnjor's Vile Clutch   Necr/Erth      #.........   100%        5    ######.
 Fireball                 Conj/Fire      #.........   100%        5    ######.
 Silence                  Hex/Air        #.........   100%        5    ######.
 Bolt of Fire             Conj/Fire      #.........   100%        6    #######
 Darkness                 Hex            #.........   100%        6    #######
 Deflect Missiles         Chrm/Air       #.........   100%        6    #######
 Invisibility             Hex            #.......     100%        6    #######
 Ring of Flames           Chrm/Fire      #.........   100%        7    #######
 Ignition                 Fire           #.........   100%        8    #######
 Statue Form              Tmut/Erth      Unusable     N/A         6    N/A

Dungeon Overview and Level Annotations

Branches:
Dungeon (15/15)            Temple (1/1) D:6            Lair (6/6) D:10
 Shoals (4/4) Lair:2        Snake (4/4) Lair:3          Orc (2/2) D:10
    Elf (0/3) Orc:2        Vaults (4/5) D:14          Crypt (0/3) Vaults:3
 Depths (2/5) D:15
  Slime: Lair:5-6

Altars:
Ashenzari
Cheibriados
Dithmenos
Elyvilon
Fedhas
Gozag
Hepliaklqana
Kikubaaqudgha
Makhleb
Nemelex Xobeh
Okawaru
Qazlal
Ru
Sif Muna
Trog
Uskayaw
Vehumet
Wu Jian
Xom
Yredelemnul
Zin
The Shining One
Beogh

Shops:
D:7 =   D:14 (   Orc:2 *:([   Shoals:2 %   Shoals:4 (   Snake:2 }   Vaults:2 **
Vaults:4 (

Portals:
Hell: Depths:1 Depths:2
Abyss: Depths:1
Pandemonium: Depths:2

Annotations:
D:3 Sigmund
D:7 Prince Ribbit
Lair:2 exclusion: 2 oklob plants
Shoals:2 2 runed doors, Qoguth's ghost, adept MiFi
Snake:2 1 runed door, bogdani's ghost, journeyman HOFi
Snake:3 Saint Roka
Vaults:1 Mara


Innate Abilities, Weirdness & Mutations

You are resistant to torment.
Your stone body is resilient. (AC +16)
You are immune to poison.
Your large and strong wings let you fly indefinitely.
You resist negative energy. (rN+)
You are resistant to electric shocks. (rElec)
You can survive without breathing.
You are immune to petrification.
You are immune to rotting.
[You have an uncontrollable temper.]
[Scrolls take you longer to read.]
[You are very clumsy. (Dex -4)]
[Armour fits poorly on your strangely shaped body.]
[Your body sometimes deteriorates upon taking damage.]
[You are dopey. (Int -2)]
[You are very frail. (-20% HP)]
[You frequently scream uncontrollably at your foes.]
[You do not regenerate when monsters are visible.]
[You are sometimes teleported next to monsters.]
[You are very weak. (Str -4)]
[Potions are less effective at restoring your health.]
[Your spells are much easier to cast, but much less powerful.]


Message History

You feel much better.
You block the thrashing horror's attack.
The thrashing horror misses you.
You block the thrashing horror's attack.
The thrashing horror tramples you but does no damage.
The thrashing horror tramples you.
* * * LOW HITPOINT WARNING * * *
You hold your ground!
The thrashing horror misses you. The smoke demon gestures at you.
Something smites you!
* * * LOW HITPOINT WARNING * * *
The thrashing horror closely misses you.
The thrashing horror misses you.
The thrashing horror roars!
You block the thrashing horror's attack. x2
The thrashing horror closely misses you.
The thrashing horror completely misses you.
The smoke demon gestures at you. Something smites you!
You die...

.. ##
X..#....# .##.
##..#### # #
....#3##..####
#..........#
###....#X.#
#.#X3.# # .
..##X####...
#.###≈X§#..#..
. #..@..# ...
# ##≈.≈X.# .#
####....#
....# #...#
##... ###


You could see 4 thrashing horrors and a smoke demon.

Vanquished Creatures
  Mennas (Vaults:2)
  A juggernaut (Depths:2)
  An ancient lich (Depths:2)
  Boris (Vaults:2)
  Margery (Vaults:2)
  A golden dragon (Depths:2)
  A lich (Depths:2)
  5 tentacled monstrosities
  A deep elf blademaster (Depths:1)
  A sphinx (Depths:1)
  2 krakens (Shoals:4)
  Frances (D:14)
  2 ancient champions (Vaults:3)
  3 tengu reavers
  2 shadow dragons
  A storm dragon (Depths:1)
  A draconian knight (Abyss:2)
  2 deep elf sorcerers
  4 fire giants
  5 nagarajas
  2 frost giants (Depths:2)
  8 vault wardens
  Louise (Snake:1)
  An iron dragon (Depths:2)
  15 ironheart preservers
  9 very ugly things
  7 stone giants
  A minotaur (Shoals:1)
  A deep elf annihilator (Depths:2)
  A deep elf demonologist (Vaults:4)
  3 deep elf death magi
  6 merfolk javelineers
  4 ettins
  8 yaktaur captains
  Josephine (Orc:2)
  7 merfolk impalers
  6 fire dragons
  8 great orbs of eyes
  12 naga warriors
  3 rakshasas
  7 vault guards (Vaults:1)
  17 centaur warriors
  5 merfolk aquamancers
  12 hydras
  11 anacondas
  2 catoblepae
  4 merfolk avatars
  The ghost of Deebo the Commander, a journeyman DsFi of Okawaru (D:10)
  4 ice dragons
  2 death knights
  11 ogre magi
  A vampire mage (Depths:2)
  3 satyrs
  42 two-headed ogres
  2 deep troll shamans
  6 thrashing horrors (Abyss:4)
  2 orc high priests (Orc:1)
  A tengu warrior (Depths:2)
  2 spriggan berserkers (Depths:2)
  2 deep troll earth magi
  16 naga sharpshooters
  5 hell knights
  5 shock serpents
  4 deep elf knights
  2 fire crabs (shapeshifter)
  4 skeletal warriors
  3 shadow wraiths
  A spatial maelstrom (Abyss:4)
  A salamander mystic (Snake:3)
  A small abomination (Vaults:3)
  5 unseen horrors
  An unseen horror (shapeshifter) (Vaults:2)
  13 sea snakes
  A flayed ghost (Depths:1)
  2 wizards
  15 deep trolls
  2 glowing orange brains (Depths:2)
  11 naga ritualists
  22 ironbrand convokers
  2 deep elf archers
  4 necromancers
  3 phantasmal warriors
  9 harpies
  10 fauns
  11 salamanders
  8 mana vipers
  8 manticores
  A shining eye (shapeshifter) (Vaults:2)
  3 orc sorcerers
  14 orc knights
  7 deep elf magi
  A faun (shapeshifter) (Depths:1)
  5 cyclopes
  A wolf spider (Vaults:4)
  23 ugly things
  A manticore (shapeshifter) (D:15)
  A cyclops (shapeshifter) (Vaults:4)
  5 elephants
  7 merfolk sirens
  4 guardian serpents
  30 black mambas
  17 vault sentinels
  A smoke demon (Abyss:4)
  17 naga magi
  2 gargoyles
  5 water nymphs
  10 spiny frogs
  2 rime drakes (Shoals:2)
  A centaur skeleton (D:13)
  2 kobold demonologists (D:15)
  32 yaktaurs
  4 freezing wraiths
  10 komodo dragons
  A tengu conjurer (Depths:1)
  2 queen bees (shapeshifter)
  4 meliai
  34 merfolk
  A merfolk (shapeshifter) (Vaults:1)
  2 hornets (shapeshifter)
  6 trolls
  A wind drake (shapeshifter) (Vaults:1)
  2 hornets
  25 blink frogs
  13 wind drakes
  13 slime creatures
  A blink frog (shapeshifter) (D:13)
  9 hippogriffs
  A meliai zombie (D:15)
  10 snapping turtles
  6 dream sheep
  4 shadows
  7 wyverns
  9 wraiths
  4 vampires
  13 water elementals
  A hog (D:14)
  16 yaks
  A yak (shapeshifter) (Depths:2)
  2 basilisks
  3 hungry ghosts
  2 steam dragons
  11 vampire mosquitoes
  42 nagas
  A spatial vortex (Abyss:4)
  5 wargs
  A water moccasin (shapeshifter) (Vaults:3)
  A floating eye (shapeshifter) (Depths:2)
  13 water moccasins
  7 porcupines
  7 sky beasts
  A swamp drake (D:10)
  5 black bears
  35 orc warriors
  5 ice beasts
  4 phantoms
  A necrophage (D:10)
  32 ogres
  An eye of draining (D:14)
  A tengu (shapeshifter) (Vaults:1)
  11 wolves
  17 crocodiles
  2 elf zombies (Ossuary)
  34 centaurs
  7 big kobolds
  Blork the orc (Orc:2)
  22 bullfrogs
  A gnoll sergeant (D:8)
  A wyvern zombie (D:12)
  6 scorpions
  An orc simulacrum (Vaults:1)
  30 killer bees
  3 howler monkeys (D:11)
  15 wights
  4 crimson imps
  A hound (shapeshifter) (Depths:2)
  2 quasits
  2 bullfrog zombies
  7 centaur zombies
  2 human zombies (Ossuary)
  17 orc priests
  A gnoll shaman (D:4)
  3 jellies
  6 hounds
  25 orc wizards
  4 iguanas
  6 bullfrog skeletons
  5 hell rats (Lair:3)
  10 worker ants
  A killer bee zombie (D:8)
  A big kobold zombie (Ossuary)
  A hound zombie (D:6)
  A hound skeleton (D:11)
  2 mummies (Ossuary)
  3 worker ant zombies
  Robin (D:3)
  16 gnolls
  13 adders
  A howler monkey skeleton (D:6)
  7 shadow imps
  2 oozes
  2 adder zombies
  2 worms (D:3)
  2 dart slugs
  4 leopard geckos
  69 orcs
  2 ball pythons
  6 giant cockroaches
  16 goblins
  5 hobgoblins
  3 jackals (D:9)
  28 kobolds
  3 quokkas
  A quokka (shapeshifter) (Depths:2)
  9 bats
  4 frilled lizards
  A goblin zombie (Ossuary)
  9 hobgoblin zombies (Ossuary)
  2 jackal zombies (Ossuary)
  13 kobold zombies (Ossuary)
  3 orc zombies (Ossuary)
  11 rats
  A rat zombie (Ossuary)
  A butterfly (Lair:4)
  4 plants
  4 tentacles (Shoals:4)
1519 creatures vanquished.

Vanquished Creatures (collateral kills)
  A caustic shrike (Depths:2)
  A tengu reaver (Depths:2)
  Kirke (D:14)
  An entropy weaver (Depths:2)
  A two-headed ogre (D:14)
  A spriggan berserker (Depths:2)
  A hell knight (Depths:2)
  A cyclops (D:15)
  A kobold (D:15)
9 creatures vanquished.

Vanquished Creatures (others)
  Nikola (Shoals:1)
  A tengu reaver (Depths:2)
  A deep elf mage (Vaults:4)
  A hornet (D:7)
  A merfolk (Shoals:1)
  3 humans (D:14)
  2 gnolls (D:7)
  3 jackals (D:7)
  9 fungi
  2 lurking horrors (Abyss:4)
  15 plants
  32 tentacles (Shoals:4)
71 creatures vanquished.

Grand Total: 1599 creatures vanquished

Notes
Turn   | Place    | Note
-------+----------+-------------------------------------------
     0 | D:1      | Stepladder the Gargoyle Fighter began the quest for the
                  | Orb.
     0 | D:1      | Reached XP level 1. HP: 14/14 MP: 1/1
    82 | D:1      | Reached XP level 2. HP: 16/19 MP: 2/2
   486 | D:1      | Reached skill level 1 in Stealth
   486 | D:1      | Reached XP level 3. HP: 5/23 MP: 3/3
   740 | D:2      | Reached XP level 4. HP: 27/29 MP: 4/4
   761 | D:2      | Reached skill level 1 in Dodging
  1228 | D:2      | Reached XP level 5. HP: 33/33 MP: 5/5
  1468 | D:3      | Noticed Sigmund
  1765 | D:3      | Noticed Robin
  1774 | D:3      | Killed Robin
  2128 | D:4      | Found a snail-covered altar of Cheibriados.
  2173 | D:4      | Noticed an ogre
  2182 | D:4      | Reached XP level 6. HP: 38/38 MP: 6/6
  2196 | D:4      | Noticed a phantom
  2762 | D:3      | Killed a phantom
  2762 | D:3      | Reached XP level 7. HP: 43/44 MP: 7/7
  2901 | D:4      | Found a glowing silver altar of Zin.
  2901 | D:4      | Found a glowing golden altar of the Shining One.
  2902 | D:4      | Found a white marble altar of Elyvilon.
  3019 | D:5      | Entered Level 5 of the Dungeon
  3751 | D:5      | Reached skill level 5 in Fighting
  3751 | D:5      | Reached skill level 5 in Armour
  3751 | D:5      | Reached skill level 5 in Shields
  3796 | D:5      | Reached XP level 8. HP: 49/49 MP: 8/8
  3799 | D:5      | Found an iron altar of Okawaru.
  3807 | D:5      | Became a worshipper of Warmaster Okawaru
  4656 | D:6      | Reached skill level 1 in Invocations
  4832 | D:6      | Reached * piety under Okawaru
  4981 | D:6      | Got a bronze leather armour
  5008 | D:6      | Found a staircase to the Ecumenical Temple.
  5040 | D:6      | Found a blossoming altar of Fedhas.
  5042 | D:6      | Found an ancient bone altar of Kikubaaqudgha.
  5120 | Temple   | Entered the Ecumenical Temple
  5454 | D:7      | Killed a hornet
  5561 | D:7      | Noticed Prince Ribbit
  5575 | D:6      | Reached XP level 9. HP: 52/55 MP: 10/10
  5749 | D:7      | Reached skill level 5 in Maces & Flails
  5792 | D:7      | Found an opulent altar of Gozag.
  5815 | D:7      | Found Baphi's Jewellery Shop.
  6342 | D:8      | Found a sand-covered staircase.
  6346 | Ossuary  | Entered an ossuary
  6918 | Ossuary  | Identified the +2 leather armour "Socum" {rElec rC++ Dex-5}
                  | (You found it on level 6 of the Dungeon)
  7014 | D:8      | Reached ** piety under Okawaru
  7741 | D:8      | Found a basalt altar of Yredelemnul.
  7741 | D:8      | Found a shattered altar of Ashenzari.
  8010 | D:9      | Found an ornate altar of the Wu Jian Council.
  8089 | D:9      | Reached XP level 10. HP: 63/63 MP: 13/13
  8343 | D:9      | Noticed a two-headed ogre
  8352 | D:9      | Killed a two-headed ogre
  8352 | D:9      | Reached *** piety under Okawaru
  8352 | D:9      | Reached skill level 5 in Dodging
  8396 | D:9      | Found a shimmering altar of Xom.
  8397 | D:9      | Found a hazy altar of Hepliaklqana.
  8398 | D:9      | Noticed a spectral ugly thing
  8592 | D:9      | Reached skill level 1 in Axes
  8860 | D:9      | Reached **** piety under Okawaru
  9068 | D:9      | Found a shadowy altar of Dithmenos.
  9109 | D:10     | Entered Level 10 of the Dungeon
  9109 | D:10     | Found a staircase to the Orcish Mines.
  9208 | D:10     | Reached skill level 1 in Evocations
  9348 | D:10     | Reached ***** piety under Okawaru
  9348 | D:10     | Reached XP level 11. HP: 65/68 MP: 14/14
  9541 | D:10     | Noticed an unseen horror
  9550 | D:10     | Found a staircase to the Lair.
  9561 | D:10     | Killed an unseen horror
  9753 | D:10     | Found a runed gate.
  9753 | D:10     | Found a runed gate.
  9754 | D:10     | Found a runed gate.
  9764 | D:10     | Noticed Deebo's ghost (journeyman DsFi)
  9806 | D:10     | Killed Deebo's ghost
 10461 | D:10     | Received a gift from Okawaru
 11138 | D:11     | Noticed a two-headed ogre
 11145 | D:11     | Killed a two-headed ogre
 11145 | D:11     | Received a gift from Okawaru
 11205 | D:11     | Noticed a red ugly thing
 11225 | D:11     | Killed a red ugly thing
 11228 | D:11     | Reached XP level 12. HP: 56/76 MP: 15/15
 11313 | D:11     | Got a spiked plate armour
 12018 | D:11     | Identified the +1 plate armour "Faothrepn" {Int+5} (You
                  | found it on level 11 of the Dungeon)
 12499 | D:12     | Found the +9 heavy crossbow "Sniper" {velocity, Acc+∞ SInv}
 12868 | D:11     | Received a gift from Okawaru
 12873 | D:11     | Got a polished shield {god gift}
 12963 | D:11     | Identified the +2 shield of the Journeyman {rElec rN+++
                  | Regen+ Str-2} (Okawaru gifted it to you on level 11 of the
                  | Dungeon)
 13030 | D:12     | Reached skill level 10 in Fighting
 13030 | D:12     | Reached skill level 10 in Shields
 13060 | D:12     | Reached skill level 10 in Armour
 13562 | D:13     | Noticed a catoblepas
 13605 | D:13     | Killed a catoblepas
 13626 | D:13     | Noticed a centaur warrior
 13647 | D:13     | Killed a centaur warrior
 14171 | D:13     | Found a portal to a secret trove of treasure.
 14467 | D:14     | Reached XP level 13. HP: 70/83 MP: 13/16
 14516 | D:14     | Received a gift from Okawaru
 14620 | D:14     | Noticed Frances
 14658 | D:14     | Learned a level 2 spell: Blink
 14816 | D:14     | Reached skill level 1 in Translocations
 14860 | D:14     | Noticed Kirke
 15186 | Lair:1   | Entered Level 1 of the Lair of Beasts
 15214 | Lair:1   | Found a glowing golden altar of the Shining One.
 16979 | Lair:1   | Reached skill level 10 in Maces & Flails
 17052 | Lair:2   | Received a gift from Okawaru
 17646 | Lair:2   | Found a staircase to the Shoals.
 17950 | Lair:3   | Found a shadowy altar of Dithmenos.
 18229 | Lair:3   | Received a gift from Okawaru
 18500 | Lair:3   | Gained mutation: Your large and strong wings let you fly
                  | indefinitely. [Gargoyle growth]
 18500 | Lair:3   | Reached XP level 14. HP: 82/91 MP: 15/17
 18501 | Lair:3   | Found a staircase to the Snake Pit.
 20105 | Lair:5   | Reached skill level 5 in Invocations
 20834 | Lair:6   | Entered Level 6 of the Lair of Beasts
 21187 | Lair:6   | HP: 4/92 [meliai/divine providence (13)]
 21295 | Lair:5   | Upgraded the game from 0.22.0-49-gab54619 to
                  | 0.22.0-60-ga52c2fc
 21705 | Orc:1    | Entered Level 1 of the Orcish Mines
 22195 | Orc:2    | Entered Level 2 of the Orcish Mines
 22417 | Orc:2    | Reached skill level 5 in Translocations
 22456 | Orc:1    | Received a gift from Okawaru
 22608 | Orc:2    | Noticed Blork the orc
 22630 | Orc:2    | Killed Blork the orc
 22747 | Orc:2    | Noticed an orc warlord
 22904 | Orc:2    | Found a roughly hewn altar of Beogh.
 23001 | Orc:2    | Found Uxymadi's General Store.
 23008 | Orc:2    | Found Juacso Pab's Antique Weapon Shop.
 23015 | Orc:2    | Bought a runed morningstar for 203 gold pieces
 23143 | Orc:2    | Found a staircase to the Elven Halls.
 23182 | Orc:2    | Bought a scroll of identify for 20 gold pieces
 23192 | Orc:2    | Found Ephihin's Book Shop.
 23209 | Orc:2    | Found Rep Nuph's Antique Armour Shop.
 23318 | Orc:2    | Noticed Josephine
 23332 | Orc:2    | Killed Josephine
 24023 | Orc:2    | Bought a +2 war axe of freezing for 183 gold pieces
 24246 | Lair:3   | Reached XP level 15. HP: 77/96 MP: 16/19
 24292 | Snake:1  | Entered Level 1 of the Snake Pit
 24456 | Snake:1  | Noticed Louise
 24522 | Snake:1  | Killed Louise
 24926 | Snake:2  | Received a gift from Okawaru
 25074 | Snake:2  | Got a slimy war axe {god gift}
 25075 | Snake:2  | Identified the +6 war axe "Ykleeses" {drain, rElec rF-
                  | Dex+2 SInv} (Okawaru gifted it to you on level 2 of the
                  | Snake Pit)
 25208 | Snake:2  | Found Fuzygof's Gadget Boutique.
 25458 | Snake:2  | Noticed a nagaraja
 25522 | Snake:2  | Killed a nagaraja
 25522 | Snake:2  | Reached skill level 10 in Dodging
 25782 | Snake:2  | Received a gift from Okawaru
 25981 | Snake:2  | Found a runed door.
 25983 | Snake:2  | Found a shimmering altar of Xom.
 25983 | Snake:2  | Noticed bogdani's ghost (journeyman HOFi)
 26474 | Snake:3  | Received a gift from Okawaru
 26571 | Snake:3  | Reached XP level 16. HP: 95/102 MP: 22/22
 27214 | Snake:3  | Noticed Saint Roka
 27630 | Snake:4  | Entered Level 4 of the Snake Pit
 27728 | Snake:4  | Reached ****** piety under Okawaru
 28128 | Snake:3  | Received a gift from Okawaru
 28208 | Snake:4  | Noticed a nagaraja
 28235 | Snake:4  | Killed a nagaraja
 28865 | Snake:4  | Noticed a nagaraja
 28891 | Snake:4  | Noticed a nagaraja
 29110 | Snake:4  | Killed a nagaraja
 29179 | Snake:4  | Killed a nagaraja
 29179 | Snake:4  | Reached XP level 17. HP: 63/109 MP: 21/23
 29364 | Snake:4  | Got a serpentine rune of Zot
 29594 | Lair:1   | Identified 2 scrolls of acquirement
 29597 | Lair:1   | Got a flickering graven amulet
 29608 | Lair:1   | Identified the amulet "Nacrunab" {RegenMP Int+6} (You
                  | acquired it on level 1 of the Lair of Beasts)
 29723 | Shoals:1 | Entered Level 1 of the Shoals
 29790 | Shoals:1 | Found a hide-covered altar of Uskayaw.
 29864 | Shoals:1 | Received a gift from Okawaru
 29971 | Shoals:1 | Got an ichor-stained fustibalus
 30486 | Shoals:1 | Noticed Nikola
 30648 | Shoals:1 | Killed Nikola
 30648 | Shoals:1 | Reached skill level 1 in Spellcasting
 31064 | Shoals:2 | Found Uvetien's Food Boutique.
 31471 | Shoals:2 | Found a large runed door.
 31471 | Shoals:2 | Found a large runed door.
 31472 | Shoals:2 | Noticed Qoguth's ghost (adept MiFi)
 31937 | Shoals:2 | Got a slimy battleaxe
 32721 | Shoals:3 | Learned a level 2 spell: Call Imp
 32747 | Shoals:3 | Reached skill level 15 in Shields
 32964 | Shoals:4 | Entered Level 4 of the Shoals
 33114 | Shoals:4 | Reached skill level 1 in Summonings
 33282 | Shoals:4 | Found Wowk's Antique Weapon Emporium.
 33497 | Shoals:4 | Noticed a kraken
 33673 | Shoals:4 | Received a gift from Okawaru
 33673 | Shoals:4 | Reached XP level 18. HP: 92/117 MP: 21/24
 34629 | Shoals:4 | Got a barnacled rune of Zot
 35178 | D:14     | Killed Kirke
 35178 | D:14     | Received a gift from Okawaru
 35183 | D:14     | Got an ichor-stained ring mail
 35272 | D:14     | Found a gate to the Vaults.
 35379 | D:14     | Found Meotarosi's Antique Weapon Shoppe.
 35402 | D:14     | Killed Frances
 35544 | D:15     | Entered Level 15 of the Dungeon
 35853 | D:15     | Reached skill level 15 in Armour
 35864 | D:15     | Reached skill level 15 in Fighting
 36173 | D:15     | Identified the +0 ring mail of the Cockatrice {*Corrode
                  | rC++ MP+9 SInv} (You found it on level 14 of the Dungeon)
 36493 | D:15     | Reached skill level 5 in Summonings
 36962 | D:15     | Found a staircase to the Depths.
 37270 | Orc:2    | Bought a scroll of teleportation for 30 gold pieces
 37270 | Orc:2    | Bought a scroll of remove curse for 30 gold pieces
 37311 | Orc:2    | Bought a book of Party Tricks for 700 gold pieces
 37313 | Orc:2    | Learned a level 1 spell: Apportation
 37315 | Orc:2    | Learned a level 1 spell: Summon Butterflies
 37319 | Orc:2    | Learned a level 3 spell: Lesser Beckoning
 37326 | Orc:2    | Learned a level 3 spell: Recall
 37341 | Orc:2    | Bought a runed helmet for 210 gold pieces
 37684 | Vaults:1 | Entered Level 1 of the Vaults
 38178 | Vaults:1 | Reached XP level 19. HP: 124/124 MP: 25/25
 39098 | Vaults:1 | Received a gift from Okawaru
 39607 | Vaults:1 | Identified a +1 pair of boots of running (You found it on
                  | level 1 of the Vaults)
 39916 | Vaults:2 | Found Reaveckenk's Assorted Antiques.
 39919 | Vaults:2 | Bought a scroll of enchant armour for 157 gold pieces
 40035 | Vaults:2 | Noticed Mennas
 40079 | Vaults:2 | Killed Mennas
 40219 | Vaults:2 | Noticed Margery
 40395 | Vaults:2 | Killed Margery
 40532 | Vaults:2 | Noticed Boris
 40569 | Vaults:2 | Killed Boris
 40975 | Vaults:2 | Noticed Mara
 41050 | Vaults:1 | Reached XP level 20. HP: 132/132 MP: 26/26
 41060 | Vaults:1 | Learned a level 5 spell: Summon Demon
 41151 | Vaults:2 | Noticed Stepladder's illusion
 41223 | Vaults:1 | Noticed Stepladder's illusion
 41478 | Vaults:2 | Received a gift from Okawaru
 41899 | Vaults:2 | Found Caegyu's Assorted Antiques.
 41934 | Vaults:2 | Bought a scroll of enchant armour for 277 gold pieces
 42909 | Vaults:2 | Learned a level 5 spell: Aura of Abjuration
 43979 | Vaults:3 | Found a staircase to the Crypt.
 44961 | Vaults:4 | Cast into level 2 of the Abyss (a deep elf sorcerer)
 45017 | Vaults:4 | Escaped the Abyss
 45336 | Vaults:3 | Reached XP level 21. HP: 139/139 MP: 28/28
 45637 | Vaults:4 | Reached skill level 5 in Spellcasting
 45685 | Vaults:4 | Received a gift from Okawaru
 46122 | Vaults:3 | Reached skill level 10 in Summonings
 47185 | Vaults:4 | Found Loru's Antique Weapon Emporium.
 47257 | Vaults:4 | Received a gift from Okawaru
 47260 | Vaults:4 | Got an ichor-stained great mace {god gift}
 47273 | Vaults:4 | Identified the Reference Book on Augmentations and the
                  | Mountains
 47811 | Depths:1 | Entered Level 1 of the Depths
 48065 | D:13     | You paid a toll of 17 potions of curing to enter a treasure
                  | trove
 48066 | Trove    | Entered a treasure trove
 48070 | Trove    | Found the +6 arbalest "Damnation" {damnation}
 48072 | Trove    | Found the +3 sling "Punk" {acid, rCorr}
 48596 | Depths:1 | Found a one-way gate to the infinite horrors of the Abyss.
 48791 | Depths:1 | Got a bloodstained broad axe
 48792 | Depths:1 | Identified the +5 broad axe "Uzoag" {chop, +Rage Str+4
                  | Stlth+} (You found it on level 1 of the Depths)
 49150 | Depths:1 | Identified the +5 scale mail of Disguise {Dex+3} (You found
                  | it on level 1 of the Depths)
 49319 | Depths:1 | Found a gateway to Hell.
 49484 | Depths:1 | Got a sparkling graven amulet
 49485 | Depths:1 | Identified the amulet "Imism" {Acrobat +Inv rPois rF-
                  | Stlth+} (You acquired it on level 1 of the Depths)
 49592 | Depths:2 | Received a gift from Okawaru
 49832 | Depths:2 | Found a one-way gate leading to the halls of Pandemonium.
 49926 | Depths:2 | Reached XP level 22. HP: 109/147 MP: 8/31
 50370 | Depths:2 | Noticed a juggernaut
 50690 | Depths:2 | Killed a juggernaut
 50775 | Depths:2 | Reached skill level 15 in Dodging
 50819 | Depths:2 | Got a flickering turquoise ring
 51133 | Depths:2 | Noticed a caustic shrike
 51178 | Depths:2 | Killed a caustic shrike
 51399 | Depths:2 | Noticed a golden dragon
 51414 | Depths:2 | Killed a golden dragon
 51414 | Depths:2 | Received a gift from Okawaru
 51474 | Depths:2 | Noticed an ancient lich
 51634 | Depths:2 | Killed an ancient lich
 51722 | Depths:2 | Cast into level 4 of the Abyss (the power of Zot)
 52087 | Abyss:4  | Killed from afar by a smoke demon

Skill      XL: |  1  2  3  4  5  6  7  8  9 10 11 12 13 14 15 16 17 18 19 20 21 22 |
---------------+-------------------------------------------------------------------+-----
Stealth        | 1 2 3 4 |  4.0
Dodging        | 1 2 3 4 5 6 7 8 9 10 11 12 13 14 15 | 15.2
Fighting       | 4 5 6 7 8 9 10 11 12 13 14 15 16 17 18 | 18.6
Shields        | 4 5 6 7 8 9 10 11 12 13 14 15 | 15.0
Armour         | 4 5 6 7 8 9 10 11 12 13 14 15 16 17 18 | 18.6
Maces & Flails | 3 4 5 6 8 9 10 11 12 13 | 13.0
Invocations    | 2 4 6 8 |  8.0
Axes           | 1 2 |  2.7
Evocations     | 1 2 |  2.1
Translocations | 3 5 6 |  6.5
Spellcasting   | 3 4 6 |  6.9
Summonings     | 2 5 8 9 11 12 | 12.0

Action                   |  1- 3 |  4- 6 |  7- 9 | 10-12 | 13-15 | 16-18 | 19-21 | 22-24 || total
-------------------------+-------+-------+-------+-------+-------+-------+-------+-------++-------
Melee: Flail             |    95 |   251 |   499 |       |       |       |       |       ||   845
       Hand axe          |       |       |    90 |       |       |       |       |       ||    90
       Broad axe         |       |       |    74 |   137 |   573 |   130 |    33 |       ||   947
       Unarmed           |       |       |     1 |       |       |       |       |       ||     1
       Morningstar       |       |       |       |   967 |   849 |       |       |       ||  1816
       War axe           |       |       |       |       |   286 |   403 |       |       ||   689
       Demon whip        |       |       |       |       |   193 |  1894 |  2602 |   536 ||  5225
Throw: Tomahawk          |       |       |       |     1 |    19 |    40 |       |       ||    60
       Javelin           |       |       |       |       |       |    16 |    24 |       ||    40
       Throwing net      |       |       |       |       |       |     1 |     1 |       ||     2
 Cast: Blink             |       |       |       |       |     4 |     5 |     1 |     4 ||    14
       Call Imp          |       |       |       |       |       |    12 |    25 |     1 ||    38
       Summon Butterflie |       |       |       |       |       |       |     2 |       ||     2
       Summon Demon      |       |       |       |       |       |       |       |    18 ||    18
Invok: Heroism           |       |       |     5 |    20 |    28 |    51 |    38 |     9 ||   151
       Finesse           |       |       |       |     2 |     5 |    12 |     5 |     2 ||    26
Evoke: Fan of gales      |       |       |       |     1 |       |       |       |       ||     1
       Wand              |       |       |       |       |     6 |     6 |       |       ||    12
       Lamp of fire      |       |       |       |       |       |       |       |     1 ||     1
  Use: Potion            |     1 |     1 |       |       |     4 |     2 |     4 |     1 ||    13
       Scroll            |       |     3 |    10 |    13 |    16 |    23 |    15 |     4 ||    84
 Stab: Confused          |       |       |       |     2 |       |       |       |       ||     2
       Held in net/web   |       |       |       |       |       |     1 |       |       ||     1
       Distracted        |       |       |       |       |       |       |     2 |     2 ||     4
  Eat: Chunk             |       |     5 |    13 |    21 |    29 |    18 |    21 |    10 ||   117
       Ration            |       |       |     2 |     1 |     4 |     7 |     5 |     1 ||    20
Armor: Scale mail        |    50 |   123 |   160 |   228 |   850 |   747 |   306 |   246 ||  2710
       Plate armour      |       |       |   257 |       |       |       |       |       ||   257
       Skin              |       |       |     1 |       |       |       |       |       ||     1
       Chain mail        |       |       |       |   216 |       |       |       |       ||   216
       Swamp dragon scal |       |       |       |       |       |       |   258 |       ||   258
       Fire dragon scale |       |       |       |       |       |       |    48 |       ||    48
Dodge: Dodged            |    33 |    92 |   229 |   409 |   986 |   858 |   768 |   288 ||  3663
       Deflected         |       |       |       |     7 |       |    37 |    37 |    16 ||    97
Block: Shield            |    45 |   137 |   405 |   735 |  1749 |  1631 |  1331 |   385 ||  6418
